 Dungeon Crawl Stone Soup version 0.29-a0-72-g1732ff48e7 (webtiles) character file.

Game seed: 7612153286311118736

53 kae the Ruffian (level 3, 0/28 HPs)
             Began as a Draconian Transmuter on Feb 3, 2022.
             Killed by nerve-wracking pain
             ... invoked by a shadow imp
             ... summoned by Natasha
              (3 damage)
             ... on level 2 of the Dungeon.
             The game lasted 00:00:55 (1900 turns).

kae the Ruffian (Draconian Transmuter)              Turns: 1900, Time: 00:00:56

Health: 0/28       AC:  5    Str: 12    XL:     3   Next: 62%
Magic:  6/6        EV: 12    Int: 15    God:
Gold:   103        SH:  0    Dex: 11    Spells: 2/6 levels left

rFire   . . .      SeeInvis .     - Unarmed
rCold   . . .      Faith    .   (no shield)
rNeg    . . .      Spirit   .   (armour unavailable)
rPois   .          Reflect  .   (helmet currently unavailable)
rElec   .          Harm     .   (no cloak)
rCorr   .          Rampage  .   (no gloves)
Will    .....                   (boots currently unavailable)
Stlth   +.........              (no amulet)
HPRegen 0.09/turn               (no ring)
MPRegen 0.10/turn               (no ring)

@: appendages (expiring), slowed, very slow
A: horns 2, talons 2, AC +5, unfitting armour, cold-blooded
a: End Transformation


You were on level 2 of the Dungeon.
You had temporarily grown beastly horns and talons.
You visited 1 branch of the dungeon, and saw 2 of its levels.

You collected 103 gold pieces.

Inventory:

Scrolls
 a - a scroll of identify
 e - a scroll of fear
Potions
 b - a potion of invisibility
 c - a potion of might {unknown}
 f - a potion of curing {unknown}
 h - 2 potions of attraction {unknown}
 i - a potion of magic {unknown}
 j - 2 potions of heal wounds {unknown}


   Skills:
 + Level 1.6 Fighting
 + Level 2.1 Dodging
 * Level 3.4 Unarmed Combat
 + Level 2.2 Spellcasting
 * Level 2.7 Transmutations
 * Level 0.5 Poison Magic


You had 2 spell levels left.
You knew the following spells:

 Your Spells              Type           Power      Damage    Failure   Level
a - Beastly Appendage     Tmut           20%        N/A       7%          1
b - Spider Form           Tmut/Pois      6%         N/A       32%         3

Your spell library contained the following spells:

 Spells                   Type           Power      Damage    Failure   Level
 Wereblood                Tmut           10%        N/A       11%         2
 Ice Form                 Ice/Tmut       5%         N/A       77%         4


Dungeon Overview and Level Annotations

Branches:
Dungeon (2/15)

Altars:

Annotations:
D:2 Natasha


Innate Abilities, Weirdness & Mutations

You have temporarily grown beastly horns and talons.
Your plain brown scales are hard. (AC +5)
You cannot fit into any form of body armour.
You are cold-blooded and may be slowed by cold attacks.


Message History

You hit the frilled lizard.
You kill the frilled lizard!
Your transformation is almost over.
Your horns disappear.
Your talons disappear.
You see here a frilled lizard corpse.
Natasha, Servant of Life and Death comes into view.
Natasha hisses angrily.
Natasha stares at you and mumbles some strange words.
You feel yourself slow down.
A worm comes into view.
You barely miss Natasha. You tail-slap Natasha.
Natasha is moderately wounded.
Natasha casts a spell at you. The magic dart hits you!
There are monsters nearby!
There are monsters nearby!
Casting: Beastly Appendage (safe; 7% risk of failure)
Confirm with . or Enter, or press ? or * to list all spells.
You grow a pair of large bovine horns.
Your feet morph into talons.
Natasha claws you! Natasha barely misses you. The worm bites you.
Natasha casts a spell.
The worm misses you.
You are too injured to fight recklessly!
You are too injured to fight recklessly!
You are too injured to fight recklessly!
You are too injured to fight recklessly!
Natasha claws you.
Your transformation is almost over.
Natasha claws you!
* * * LOW HITPOINT WARNING * * *
Natasha mumbles some strange words.
Natasha glows brightly for a moment.
Natasha mumbles some strange words.
The shadow imp grins evilly.
Okay, then.
The shadow imp hits you but does no damage.
The shadow imp shouts, "Run away, thou mewling clay-brained bum-bailey!"
The shadow imp gestures at you. Pain shoots through your body!
You die...

#.#.# #.#.# .#.# #.# #.#
#### #.# ...# #^# .#.#
#.# .#.# #@# .#.#
#.####### # .#.#
#†5h.w..#.# .#.#
#######..#...# (#.#
#.......###..#
##.##########..###...#
.##
#...............#.#.....
###########.#.#.#.#######
#.#......


You could see a shadow imp (summoned).

Vanquished Creatures
  An adder (D:2)
  3 dart slugs
  A ball python (D:1)
  2 endoplasms
  4 goblins
  8 hobgoblins
  3 kobolds
  3 quokkas
  2 bats (D:2)
  7 frilled lizards
  2 rats (D:1)
36 creatures vanquished.

Vanquished Creatures (others)
  2 fungi (D:2)
2 creatures vanquished.

Grand Total: 38 creatures vanquished

Notes
Turn   | Place    | Note
-------+----------+-------------------------------------------
     0 | D:1      | kae the Draconian Transmuter began the quest for the Orb.
     0 | D:1      | Reached XP level 1. HP: 16/16 MP: 3/3
   231 | D:1      | Reached XP level 2. HP: 22/23 MP: 3/5
  1385 | D:2      | Reached XP level 3. HP: 25/28 MP: 4/6
  1389 | D:2      | Learned a level 3 spell: Spider Form
  1578 | D:2      | Found a faded altar of an unknown god.
  1889 | D:2      | Noticed Natasha
  1900 | D:2      | Killed from afar by a shadow imp

Illustrated notes

Levels and vault maps discovered:
D:1:      heliophobic_arrival_battle_scene, layout_basic,
          hangedman_abyss_or_decor_lesser_grid, eino_curves_02
D:2:      cheibrodos_pilgrimage, layout_loops_ring,
          shapermc_ecumenical_altar_ellora, uniq_jessica, uniq_natasha

Skill      XL: |  1  2 |
---------------+-------+-----
Dodging        | 2 |  2.1
Fighting       | |  1.6
Unarmed Combat | |  3.4
Spellcasting   | |  2.2
Transmutations | |  2.7
Poison Magic   | |  0.5

Action                   || total
-------------------------++-------
Melee: Unarmed           ||    83
       Kick              ||    13
       Headbutt          ||     8
       Tailslap          ||     4
       Punch             ||     3
 Cast: Beastly Appendage ||    27
  Use: Scroll            ||     4
Armor: Skin              ||    25
Dodge: Dodged            ||    51

Table legend: (Time is in decaauts)
 A = Elapsed time spent in this place.
 B = Non-inter-level travel time spent in this place.
 C = Inter-level travel time spent in this place.
 D = Time resting spent in this place.
 E = Time spent auto-exploring this place.
 F = Levels seen in this place.
 G = Mean time per level.
                   A        B        C        D        E       F      G
               +--------+--------+--------+--------+--------+-----+--------+
         Total |   1899 |   1847 |     52 |      0 |   1569 |   2 |  949.5 |
       Dungeon |   1899 |   1847 |     52 |      0 |   1569 |   2 |  949.5 |
               +--------+--------+--------+--------+--------+-----+--------+

Top non-repeatable levels by time:
     D:1: 1378 daAuts
     D:2: 521 daAuts
